 Dungeon Crawl Stone Soup version 0.20.1-1-g8b1a95d (webtiles) character file.

5355 HuneSparrow the Slasher (level 10, -1/77 HPs)
             Began as a Demonspawn Fighter on July 20, 2017.
             Was a Priest of Qazlal.
             Slain by a death yak (14 damage)
             ... on level 8 of the Dungeon.
             The game lasted 00:29:10 (10581 turns).

HuneSparrow the Slasher (Demonspawn Fighter)       Turns: 10581, Time: 00:29:10

Health: -1/77      AC: 17    Str: 20    XL:     10   Next: 38%
Magic:  14/14      EV:  9    Int: 10    God:    Qazlal [***...]
Gold:   443        SH: 15    Dex: 15    Spells: 9/9 levels left

rFire    . . .     SeeInvis .   a - +0 long sword
rCold    . . .     Gourm    .   c - +0 shield
rNeg     . . .     Faith    .   E - +0 plate armour
rPois    .         Spirit   .   L - +1 hat
rElec    .         Reflect  .   (no cloak)
rCorr    .         Harm     .   (no gloves)
MR       .....                  K - +1 pair of boots
Stlth    ..........             (no amulet)
Regen    0.3/turn               n - +3 ring of dexterity
MPRegen  0.2/turn               r - +1 ring of protection

@: no status effects
A: antennae 2, repulsion field 1, demonic guardian 1, rot immunity
a: Upheaval, Elemental Force, Renounce Religion


You were on level 8 of the Dungeon.
You worshipped Qazlal.
Qazlal was most pleased with you.
You were not hungry.

You visited 2 branches of the dungeon, and saw 10 of its levels.
You also visited: Ossuary.

You collected 443 gold pieces.

Inventory:

Hand Weapons
 a - a +0 long sword (weapon)
 M - a cursed -1 short sword
Armour
 b - a +0 scale mail
 c - a +0 shield (worn)
 E - a +0 plate armour (worn)
 K - a +1 pair of boots (worn)
 L - a +1 hat (worn)
Jewellery
 n - a +3 ring of dexterity (left hand)
 r - a +1 ring of protection (right hand)
Wands
 q - a wand of acid (8/15)
 v - a wand of confusion (25/48)
 H - a wand of paralysis (7/24)
Scrolls
 g - 3 scrolls of enchant weapon {unknown}
 l - 4 scrolls of teleportation
 p - 2 scrolls of fear {unknown}
 s - 2 scrolls of enchant armour {unknown}
 t - a scroll of blinking {unknown}
 u - a scroll of amnesia {unknown}
 x - a scroll of noise {unknown}
 y - 2 scrolls of immolation {unknown}
 D - 2 scrolls of identify
 G - a scroll of magic mapping {unknown}
 I - a scroll of remove curse
 J - a scroll of recharging {unknown}
Potions
 d - 3 potions of might
 e - 3 potions of ambrosia
 i - 2 potions of heal wounds
 j - 2 potions of haste
 k - a potion of cancellation
 m - 7 potions of curing
 o - 3 potions of flight
 w - 3 potions of agility
 B - a potion of invisibility
Books
 A - a book of Callings

   Spells                             Type                      Level
   a - Summon Small Mammal            Summoning                    1
   b - Call Imp                       Summoning                    2
   c - Call Canine Familiar           Summoning                    3
   d - Summon Guardian Golem          Hexes/Summoning              3
   e - Summon Lightning Spire         Summoning/Air                4
   f - Summon Ice Beast               Ice/Summoning                4
 C - a book of Changes

   Spells                             Type                      Level
   a - Beastly Appendage              Transmutation                1
   b - Sticks to Snakes               Transmutation                2
   c - Spider Form                    Transmutation/Poison         3
   d - Ice Form                       Ice/Transmutation            4
   e - Blade Hands                    Transmutation                5
 F - a book of Enchantments

   Spells                             Type                      Level
   a - Cause Fear                     Hexes                        4
   b - Yara's Violent Unravelling     Hexes/Transmutation          5
   c - Silence                        Hexes/Air                    5
   d - Deflect Missiles               Charms/Air                   6
   e - Discord                        Hexes                        8
Comestibles
 f - 4 bread rations
 h - 5 meat rations
 z - 5 royal jellies
 N - 2 fruits


   Skills:
 + Level 6.6 Fighting
 * Level 7.9 Long Blades
 + Level 6.4 Armour
 + Level 5.0 Dodging
 + Level 6.1 Shields
 + Level 6.6 Invocations


You had 9 spell levels left.
You didn't know any spells.

Dungeon Overview and Level Annotations

Branches:
Dungeon (9/15)             Temple (1/1) D:4
   Lair: D:8-11         Orc: D:9-12

Altars:
Ashenzari
Cheibriados
Dithmenos
Elyvilon
Fedhas
Gozag
Hepliaklqana
Kikubaaqudgha
Makhleb
Nemelex Xobeh
Okawaru
Qazlal
Ru
Sif Muna
Trog
Uskayaw
Vehumet
Xom
Yredelemnul
Zin
The Shining One

Annotations:
D:8 Prince Ribbit
D:9 Erica


Innate Abilities, Weirdness & Mutations

You have a pair of antennae on your head.
You are surrounded by a mild repulsion field. (EV +2)
A weak demonic guardian rushes to your aid.
You are immune to rotting.


Message History

Your quasit barely misses the death yak.
You block the death yak's attack. x2
You hit the death yak.
The death yak is heavily wounded.
Your quasit bites the death yak but does no damage.
Your quasit barely misses the death yak. x2
The death yak gores you!
* * * LOW HITPOINT WARNING * * *
You block the death yak's attack.
Your quasit closely misses the death yak.
Your quasit claws the death yak.
Your quasit claws the death yak but does no damage.
You hit the death yak.
The death yak is heavily wounded.
The death yak gores you but does no damage.
Your quasit barely misses the death yak.
Your quasit claws the death yak but does no damage.
Your quasit barely misses the death yak.
The death yak gores you!
You die...

#.#.######.#### #........#.#
#.#..(........# ##########.#
#.########.##.#############.#
#.# #.##.#.............#
#.########.##.#.#############
#...<......##.#.#
#############5#.#
##########Y#.######
#.......YY@#......#########
#.##########......'........
####.#### #......#########
#.......# ######## ##
#.......# #. #.......# #.
####'#### #. #.# #. #.# #.


You could see 3 death yaks and a friendly quasit.

Vanquished Creatures
  A slime creature (D:8)
  A yak (D:7)
  A hog (D:7)
  A human (D:7)
  Menkaure (Ossuary)
  2 black bears (D:7)
  An ice beast (D:8)
  3 sky beasts
  2 phantoms
  A necrophage (D:8)
  An ogre (D:8)
  An eye of draining (D:8)
  3 centaurs
  3 bullfrogs (D:6)
  A scorpion (D:5)
  8 killer bees
  An electric eel (D:6)
  2 howler monkeys (D:8)
  A crimson imp (D:7)
  2 bullfrog zombies (D:8)
  4 hounds
  5 orc priests
  A centaur skeleton (D:4)
  2 iguanas
  5 orc wizards
  4 worker ants
  A hound skeleton (D:4)
  A howler monkey zombie (D:6)
  3 mummies (Ossuary)
  9 adders
  A shadow imp (D:5)
  An adder skeleton (D:5)
  2 worms
  3 dart slugs
  6 leopard geckos
  27 orcs
  4 ball pythons
  3 bats
  6 giant cockroaches
  A gnoll zombie (Ossuary)
  9 hobgoblins
  A jackal (D:4)
  9 kobolds
  3 quokkas
  9 frilled lizards
  A gnoll skeleton (Ossuary)
  7 goblins
  3 goblin skeletons (Ossuary)
  3 goblin zombies (Ossuary)
  2 hobgoblin skeletons (Ossuary)
  4 hobgoblin zombies (Ossuary)
  A jackal skeleton (D:7)
  A kobold skeleton (Ossuary)
  5 kobold zombies (Ossuary)
  A leopard gecko skeleton (D:5)
  An orc skeleton (Ossuary)
  2 orc zombies (Ossuary)
  5 rats
  5 rat skeletons (Ossuary)
  3 rat zombies (Ossuary)
201 creatures vanquished.

Vanquished Creatures (collateral kills)
  3 two-headed ogres (D:8)
  2 hogs (D:7)
  2 sky beasts
  An ogre (D:4)
  A phantom (D:3)
  A centaur (D:7)
  The ghost of Gets the Cutter, an amateur SpAr (D:3)
  A scorpion (D:4)
  A bullfrog skeleton (D:6)
  A worker ant (D:8)
  3 orcs
  A quokka (D:8)
18 creatures vanquished.

Vanquished Creatures (others)
  2 gnoll skeletons (Ossuary)
  4 goblin skeletons (Ossuary)
  3 hobgoblin skeletons (Ossuary)
  A kobold skeleton (Ossuary)
  A kobold zombie (Ossuary)
  2 orc skeletons (Ossuary)
  4 orc zombies (Ossuary)
  2 rat zombies (Ossuary)
19 creatures vanquished.

Grand Total: 238 creatures vanquished

Notes
Turn   | Place    | Note
-------+----------+-------------------------------------------
     0 | D:1      | HuneSparrow the Demonspawn Fighter began the quest for the Orb.
     0 | D:1      | Reached XP level 1. HP: 18/18 MP: 1/1
   184 | D:1      | Reached skill level 2 in Long Blades
   468 | D:1      | Gained mutation: You are immune to rotting. [demonic ancestry]
   468 | D:1      | Reached XP level 2. HP: 20/24 MP: 2/2
  1036 | D:1      | Reached XP level 3. HP: 9/29 MP: 3/3
  1038 | D:1      | HP: 2/43 [hobgoblin/club (1)]
  1732 | D:2      | Reached skill level 1 in Dodging
  1766 | D:2      | Gained mutation: A weak demonic guardian rushes to your aid. [demonic ancestry]
  1766 | D:2      | Reached XP level 4. HP: 33/35 MP: 4/4
  2101 | D:3      | Noticed a phantom
  2123 | D:3      | Killed a phantom
  2123 | D:3      | Reached skill level 3 in Long Blades
  2123 | D:3      | Reached XP level 5. HP: 20/41 MP: 5/5
  2398 | D:3      | Noticed Gets's ghost (amateur SpAr)
  2409 | D:3      | Killed Gets's ghost
  2890 | D:4      | Found a staircase to the Ecumenical Temple.
  2900 | Temple   | Entered the Ecumenical Temple
  2940 | Temple   | Became a worshipper of Qazlal Stormbringer
  3059 | D:4      | Gained mutation: You are surrounded by a mild repulsion field. (EV +2) [demonic ancestry]
  3059 | D:4      | Reached XP level 6. HP: 45/48 MP: 6/6
  3252 | D:4      | Found a sand-covered staircase.
  3264 | Ossuary  | Entered an ossuary
  3394 | Ossuary  | Reached * piety under Qazlal
  3504 | Ossuary  | Noticed Menkaure
  3520 | Ossuary  | Killed Menkaure
  3769 | Ossuary  | Reached skill level 4 in Long Blades
  4177 | D:4      | Reached ** piety under Qazlal
  4185 | D:4      | Got a faintly humming helmet
  4191 | D:4      | Identified the +0 helmet "Nexedgh" {rCorr} (You found it on level 4 of the Dungeon)
  4210 | D:4      | Gained mutation: You have a pair of small antennae on your head. [demonic ancestry]
  4210 | D:4      | Reached XP level 7. HP: 54/54 MP: 7/7
  4982 | D:5      | Entered Level 5 of the Dungeon
  5354 | D:5      | Found a shattered altar of Ashenzari.
  5468 | D:5      | Reached skill level 1 in Invocations
  5766 | D:6      | Reached skill level 5 in Long Blades
  5792 | D:6      | Gained mutation: You have a pair of antennae on your head. [demonic ancestry]
  5792 | D:6      | Reached XP level 8. HP: 48/61 MP: 9/9
  6245 | D:6      | Reached skill level 5 in Fighting
  6883 | D:7      | Reached skill level 5 in Armour
  6885 | D:7      | Reached *** piety under Qazlal
  6885 | D:7      | Reached skill level 6 in Long Blades
  6894 | D:7      | Reached XP level 9. HP: 44/68 MP: 11/11
  6900 | D:7      | Reached skill level 5 in Shields
  8372 | D:8      | Noticed a two-headed ogre
  8384 | D:8      | Killed a two-headed ogre
  8384 | D:8      | Reached skill level 7 in Long Blades
  8384 | D:8      | Reached skill level 5 in Invocations
  9023 | D:8      | Noticed a two-headed ogre
  9034 | D:8      | Killed a two-headed ogre
  9034 | D:8      | Reached XP level 10. HP: 43/76 MP: 4/14
  9482 | D:8      | Noticed a two-headed ogre
  9506 | D:8      | Killed a two-headed ogre
  9810 | D:9      | Noticed Prince Ribbit
  9815 | D:9      | Noticed a six-headed hydra
  9976 | D:8      | Reached skill level 5 in Dodging
 10558 | D:9      | Noticed a death yak
 10558 | D:9      | Noticed a death yak
 10560 | D:9      | Noticed Erica
 10562 | D:9      | Noticed a death yak
 10562 | D:9      | Noticed a death yak
 10563 | D:9      | Noticed a death yak
 10563 | D:9      | Noticed a death yak
 10563 | D:9      | Noticed a death yak
 10581 | D:8      | Slain by a death yak

Skill      XL: |  1  2  3  4  5  6  7  8  9 10 |
---------------+-------------------------------+-----
Long Blades    | 2 3 4 5 6 7 |  7.9
Armour         | 3 4 5 6 |  6.4
Shields        | 3 4 5 6 |  6.1
Dodging        | 1 2 3 4 5 |  5.0
Fighting       | 4 5 6 |  6.6
Invocations    | 2 3 5 6 |  6.6

Action                   |  1- 3 |  4- 6 |  7- 9 | 10-12 || total
-------------------------+-------+-------+-------+-------++-------
Melee: Long sword        |   133 |   243 |   464 |   147 ||   987
Evoke: Wand              |       |     2 |       |       ||     2
  Use: Potion            |     1 |       |     2 |       ||     3
       Scroll            |     2 |     9 |       |     1 ||    12
 Stab: Confused          |       |     2 |       |       ||     2
       Distracted        |       |     1 |     3 |     1 ||     5
  Eat: Chunk             |     3 |     5 |    13 |       ||    21
       Bread ration      |       |     1 |     1 |     1 ||     3
Armor: Scale mail        |    55 |    31 |     1 |       ||    87
       Skin              |    13 |       |       |       ||    13
       Ring mail         |     1 |    27 |       |       ||    28
       Plate armour      |       |       |   258 |    66 ||   324
Dodge: Dodged            |    49 |    74 |   109 |    41 ||   273
Block: Shield            |    78 |   106 |   345 |   138 ||   667
       Rpst.: Long sword |    19 |    22 |    36 |     8 ||    85
